 Dungeon Crawl Stone Soup version 0.27-a0-1565-gad902ab807 (webtiles) character file.

Game seed: 13750852918421837330

639 gruber the Tainter (level 7, 0/41 HPs)
             Began as an Octopode Venom Mage on July 16, 2021.
             Slain by a centaur (2 damage)
             ... on level 5 of the Dungeon.
             The game lasted 00:06:52 (5668 turns).

gruber the Tainter (Octopode Venom Mage)            Turns: 5668, Time: 00:06:52

Health: 0/41       AC:  1    Str: 13    XL:     7   Next: 50%
Magic:  21/23      EV: 13    Int: 20    God:
Gold:   211        SH:  0    Dex: 12    Spells: 7/15 levels left

rFire    . . .     SeeInvis +   m - +1 dagger "Koesunn" {flame, rN+}
rCold    . . .     Faith    .   (no shield)
rNeg     + . .     Spirit   .   (helmet restricted)
rPois    .         Reflect  .   (no amulet)
rElec    .         Harm     .   d - +6 ring of strength
rCorr    .         Rampage  .   e - ring of see invisible
Will     .....                  n - ring of magical power
Stlth    +++.......             (no ring)
HPRegen  0.13/turn              (no ring)
MPRegen  0.18/turn              (no ring)
                                (no ring)
                                (no ring)

@: no status effects
A: almost no armour, amphibious, 8 rings, camouflage 1, gelatinous body 1,
(nimble swimmer 1), tentacles
a: no special abilities


You were on level 5 of the Dungeon.
You visited 1 branch of the dungeon, and saw 5 of its levels.
You also visited: Ossuary.

You collected 211 gold pieces.

Inventory:

Hand Weapons
 h - a +1 vorpal war axe
 m - the +1 dagger "Koesunn" (weapon) {flame, rN+}
   (You found it on level 4 of the Dungeon)

   It burns those it strikes, dealing additional fire damage.
   rN:        It protects you from negative energy.
Missiles
 a - 2 boomerangs of dispersal
Jewellery
 d - a +6 ring of strength (left tentacle)
 e - a ring of see invisible (right tentacle)
 i - a ring of ice
 n - a ring of magical power (on tentacle)
 o - an amulet of the acrobat
Scrolls
 b - 4 scrolls of immolation {unknown}
 c - 4 scrolls of identify {unknown}
 g - a scroll of magic mapping {unknown}
 j - 2 scrolls of holy word {unknown}
 k - a scroll of amnesia {unknown}
 p - a scroll of acquirement {unknown}
 q - a scroll of teleportation {unknown}
 t - a scroll of enchant weapon {unknown}
Potions
 f - 2 potions of attraction {unknown}
 l - a potion of heal wounds {unknown}
 r - a potion of mutation {unknown}
 s - a potion of magic {unknown}


   Skills:
 - Level 2.0 Dodging
 - Level 2.6 Stealth
 * Level 4.9 Spellcasting
 - Level 1.0 Transmutations
 - Level 8.2 Poison Magic


You had 7 spell levels left.
You knew the following spells:

 Your Spells              Type           Power      Damage    Failure   Level
a - Sting                 Tmut/Pois      92%        1d7       1%          1
b - Olgreb's Toxic Radia  Pois           37%        N/A       4%          4
c - Stone Arrow           Conj/Erth      8%         3d7       34%         3

Your spell library contained the following spells:

 Spells                   Type           Power      Damage    Failure   Level
 Poisonous Vapours        Pois/Air       42%        N/A       3%          2
 Mephitic Cloud           Conj/Pois/Air  15%        N/A       12%         3
 Blink                    Tloc           N/A        N/A       19%         2
 Gell's Gravitas          Tloc           2%         N/A       34%         3
 Lesser Beckoning         Tloc           2%         N/A       34%         3
 Teleport Other           Tloc           4%         N/A       34%         3
 Bolt of Magma            Conj/Fire/Erth 2%         4d4       97%         5
 Freezing Cloud           Conj/Ice/Air   2%         6-21      97%         5
 Manifold Assault         Tloc           4%         N/A       97%         5
 Simulacrum               Ice/Necr       2%         N/A       100%        6
 Polar Vortex             Ice            2%         N/A       100%        9
 Shatter                  Erth           2%         3d6*      100%        9


Dungeon Overview and Level Annotations

Branches:
Dungeon (5/15)            Ossuary (visited)
 Temple: D:4-7

Altars:
Kikubaaqudgha

Shops:
D:2 :


Innate Abilities, Weirdness & Mutations

You cannot wear most types of armour.
You are amphibious.
You can wear up to eight rings at the same time.
Your skin changes colour to match your surroundings (Stealth+).
Your rubbery body absorbs attacks. (AC +1, EV +1)
((You are camouflaged near water. (Stealth+)))
You have tentacles for arms and can constrict up to eight enemies at once.


Message History

An adder and a centaur come into view.
There are monsters nearby!
There are monsters nearby!
A gnoll comes into view. It is wielding a +0 spear.
Found a dire flail.
Casting: Olgreb's Toxic Radiance (dangerous; 4% risk of failure)
Confirm with . or Enter, or press ? or * to list all spells.
You begin to radiate toxic energy.
The gnoll shouts!
The gnoll is poisoned.
The centaur shouts!
The centaur is poisoned.
The adder hisses angrily.
The adder is poisoned.
The gnoll looks even sicker.
You hear a shout! x2
A gnoll shaman comes into view. It is wielding a +0 whip.
The centaur wields a +0 shortbow.
The centaur shoots an arrow.
The arrow barely misses you.
Unknown command.
The centaur looks even sicker.
The adder looks even sicker.
Your toxic aura wanes.
The centaur shoots an arrow.
The arrow hits you!
You hear a shout!
The centaur shoots an arrow.
The arrow hits you!
* * * LOW HITPOINT WARNING * * *
The centaur shoots an arrow.
The arrow closely misses you.
You hear a shout!
You feel a bit more experienced.
The centaur shoots an arrow.
The arrow hits you.
* * * LOW HITPOINT WARNING * * *
The centaur shoots an arrow.
The arrow hits you.
* * * LOW HITPOINT WARNING * * *
Okay, then.
You feel a bit more experienced.
The centaur shoots an arrow.
The arrow misses you.
A gnoll comes into view. It is wielding a +0 spear.
The centaur unwields a +0 shortbow.
The centaur hits you.
* * * LOW HITPOINT WARNING * * *
The centaur kicks you.
You die...

....# ....... ...## ....c..
...# #### ...g... ..##
##..## ....... ..#
##....### S...... .##
##.......# ##.......
.####........# ####......#
#..#.........###c...####...
##..............@####
##...........###.#
#..........#####.#
#..........# ##..#
#..........## #...#
#.........## ##...#
#.........# #....#
##......#.# ##..##
#...####.# #.##


You could see a centaur (poisoned) and a gnoll.

Vanquished Creatures
  Eustachio (D:4)
  Blork the orc (D:4)
  2 scorpions
  A jelly (D:4)
  2 hounds
  An orc priest (D:5)
  8 gnolls
  4 adders
  An adder skeleton (D:4)
  5 orcs
  5 ball pythons
  11 endoplasms
  5 giant cockroaches
  3 goblins
  11 hobgoblins
  3 jackals (D:2)
  8 bats
  A frilled lizard (D:3)
  8 kobolds
  A rat (D:2)
82 creatures vanquished.

Notes
Turn   | Place    | Note
-------+----------+-------------------------------------------
     0 | D:1      | gruber the Octopode Venom Mage began the quest for the Orb.
     0 | D:1      | Reached XP level 1. HP: 11/11 MP: 3/3
   122 | D:1      | Reached skill level 4 in Poison Magic
   211 | D:1      | Reached XP level 2. HP: 17/17 MP: 1/5
   658 | D:1      | Reached XP level 3. HP: 21/21 MP: 4/6
   661 | D:1      | Reached skill level 5 in Poison Magic
  1254 | D:2      | Found Kihen's Book Shoppe.
  1483 | D:2      | Reached XP level 4. HP: 15/27 MP: 1/7
  1532 | D:2      | Reached skill level 6 in Poison Magic
  2306 | D:2      | Reached XP level 5. HP: 25/31 MP: 3/8
  2765 | D:3      | Noticed an ice beast
  2776 | D:3      | Learned a level 4 spell: Olgreb's Toxic Radiance
  3095 | D:3      | Reached skill level 7 in Poison Magic
  3509 | D:4      | Noticed Eustachio
  3755 | D:4      | Killed Eustachio
  3756 | D:4      | Reached skill level 8 in Poison Magic
  3756 | D:4      | Reached XP level 6. HP: 8/36 MP: 1/9
  4001 | D:4      | Found a sand-covered staircase.
  4016 | D:4      | Identified the +1 dagger "Koesunn" {flame, rN+}
  4025 | Ossuary  | Entered an ossuary
  4302 | D:4      | Noticed Blork the orc
  4314 | D:4      | Killed Blork the orc
  4320 | D:4      | Reached XP level 7. HP: 19/41 MP: 0/12
  4327 | D:4      | Learned a level 3 spell: Stone Arrow
  5007 | D:5      | Entered Level 5 of the Dungeon
  5012 | D:5      | Found an ancient bone altar of Kikubaaqudgha.
  5668 | D:5      | HP: 2/41 [centaur (2)]
  5668 | D:5      | Slain by a centaur

Illustrated notes

Levels and vault maps discovered:
D:1:      wander_arrival_abandoned_jail, layout_rooms
D:2:      layout_basic, serial_shops, nicolae_shop_behind_doors, serial_curves,
          eino_curves_04, eino_curves_04
D:3:      layout_basic
D:4:      layout_loops_ring, nicolae_ossuary_entry_ruins, due_unseen_surprise,
          uniq_blork_the_orc, uniq_eustachio
D:5:      layout_cave_pods, kennysheep_little_box

Skill      XL: |  1  2  3  4  5  6  7 |
---------------+----------------------+-----
Poison Magic   | 4 5 6 8 |  8.2
Spellcasting   | 3 4 |  4.9
Dodging        | |  2.0
Stealth        | |  2.6
Transmutations | |  1.0

Action                   |  1- 3 |  4- 6 |  7- 9 || total
-------------------------+-------+-------+-------++-------
Melee: Dagger            |    15 |     5 |    10 ||    30
       Constrict         |     2 |     3 |     4 ||     9
       Unarmed           |     1 |       |       ||     1
       War axe           |     9 |     4 |       ||    13
       Tentacles         |     4 |       |     4 ||     8
 Cast: Sting             |    56 |    77 |    12 ||   145
       Olgreb's Toxic Ra |       |     1 |     5 ||     6
 Stab: Sleeping          |     3 |       |       ||     3
Armor: Skin              |     7 |     7 |     1 ||    15
Dodge: Dodged            |    31 |    48 |    17 ||    96

Table legend: (Time is in decaauts)
 A = Elapsed time spent in this place.
 B = Non-inter-level travel time spent in this place.
 C = Inter-level travel time spent in this place.
 D = Time resting spent in this place.
 E = Time spent auto-exploring this place.
 F = Levels seen in this place.
 G = Mean time per level.
                   A        B        C        D        E       F      G
               +--------+--------+--------+--------+--------+-----+--------+
         Total |   5671 |   5563 |    108 |    523 |   4190 |   6 |  945.2 |
       Dungeon |   5651 |   5543 |    108 |    523 |   4190 |   5 | 1130.2 |
       Ossuary |     20 |     20 |      0 |      0 |      0 |   1 |   20.0 |
               +--------+--------+--------+--------+--------+-----+--------+

Top non-repeatable levels by time:
     D:2: 1812 daAuts
     D:4: 1413 daAuts
     D:3: 961 daAuts
     D:1: 803 daAuts
     D:5: 660 daAuts
 Ossuary: 20 daAuts
